 Dungeon Crawl Stone Soup version 0.25-a0-578-gc91f01c39c (webtiles) character file.

Game seed: 7304327924557055937, levelgen mode: deterministic

25 Flugslaktarn the Shield-Bearer (level 2, -1/27 HPs)
             Began as a Deep Dwarf Fighter on Mar 5, 2020.
             Killed by divine providence
             ... invoked by an orc priest
              (10 damage)
             ... on level 3 of the Dungeon.
             The game lasted 00:00:13 (152 turns).

Flugslaktarn the Shield-Bearer (Deep Dwarf Fighter)  Turns: 152, Time: 00:00:14

Health: -1/27      AC:  6    Str: 19    XL:     2   Next: 82%
Magic:  1/1        EV:  7    Int:  8    God:
Gold:   32         SH:  9    Dex: 12    Spells: 1/1 levels left

rFire    . . .     SeeInvis .   a - +0 war axe
rCold    . . .     Gourm    .   c - +0 kite shield
rNeg     . . .     Faith    .   b - +0 scale mail
rPois    .         Spirit   .   (no helmet)
rElec    .         Reflect  .   (no cloak)
rCorr    .         Harm     .   (no gloves)
MR       .....                  (no boots)
Stlth    ..........             (no amulet)
HPRegen  0.00/turn              (no ring)
MPRegen  0.07/turn              (no ring)

@: non-regenerating
A: damage resistance, heal wounds, sense surroundings 1, no regeneration
a: Heal Wounds


You were on level 3 of the Dungeon.
You were not hungry.

You visited 1 branch of the dungeon, and saw 3 of its levels.

You collected 32 gold pieces.

Inventory:

Hand Weapons
 a - a +0 war axe (weapon)
Armour
 b - a +0 scale mail (worn)
 c - a +0 kite shield (worn)
Potions
 d - a potion of might
 g - a potion of brilliance {unknown}
Comestibles
 e - a ration
 f - a chunk of flesh


   Skills:
 + Level 2.9 Fighting
 * Level 2.9 Axes
 + Level 3.5 Armour
 + Level 3.5 Shields


You had one spell level left.
You didn't know any spells.
Your spell library was empty.

Dungeon Overview and Level Annotations

Branches:
Dungeon (3/15)

Altars:
Uskayaw


Innate Abilities, Weirdness & Mutations

You are resistant to damage.
You can heal yourself by infusing magical energy.
You passively map a small area around you.
You do not regenerate.


Message History

The orc priest hits you but does no damage.
The orc barely misses you. You block the orc priest's attack.
You are too injured to fight recklessly!
You are too injured to fight recklessly!
You are too injured to fight recklessly!
Your magical essence is drained by the effort!
You feel much better.
The orc priest calls down the wrath of Beogh upon you.
Beogh smites you!
Ouch! That really hurt!
The orc closely misses you. The orc priest barely misses you.
You slash the orc priest!
The orc priest is severely wounded.
You hit the orc priest but do no damage.
The orc priest miscasts a cantrip.
The orc hits you from afar with a +0 trident.
You block the orc priest's attack.
The orc priest calls down the wrath of Beogh upon you.
Beogh smites you!
You die...

* ## * * .? ,, #.
* * ##.** , ..##
*** * #.o### #
######o)..###,..
#.....o@....#.#
#.....>.......# ,
#..........#..#
###...###.......#
*
#.<.......#####.#
, #.....####### *
,# * * #...##.##
* , ...# ...# * ,
.., ..### , *


You could see 2 orc priests and an orc.

Vanquished Creatures
  An adder (D:2)
  A dart slug (D:2)
  A leopard gecko (D:1)
  An orc (D:3)
  2 bats (D:2)
  A goblin (D:2)
  2 kobolds (D:2)
  A frilled lizard (D:2)
  3 rats
13 creatures vanquished.

Notes
Turn   | Place    | Note
-------+----------+-------------------------------------------
     0 | D:1      | Flugslaktarn the Deep Dwarf Fighter began the quest for the
                  | Orb.
     0 | D:1      | Reached XP level 1. HP: 20/20 MP: 1/1
    47 | D:2      | Reached XP level 2. HP: 24/27 MP: 2/2
    81 | D:2      | Found a hide-covered altar of Uskayaw.
   152 | D:3      | Killed from afar by an orc priest

Levels and vault maps discovered:
D:1:      dpeg_arrival_fog, layout_basic, minmay_liquid_box
D:2:      layout_loops_ring, eat_drink_and_be_merry_uskayaw, first_ration
D:3:      layout_rooms, marbit_many_paths, guppyfry_early_orc_mine

Action                   || total
-------------------------++-------
Melee: War axe           ||    61
 Abil: Heal Wounds       ||     1
Armor: Scale mail        ||    38
Dodge: Dodged            ||    29
Block: Kite shield       ||    44

Table legend:
 A = Non-vault XP
 B = Vault XP
 C = Vault XP percentage of total XP
 D = Non-vault monster count
 E = Vault monster count
 F = Vault count percentage of total count
                 A         B        C        D         E       F
            +---------+---------+-------+---------+---------+-------
      Total |      36 |       0 |   0.0 |      13 |       0 |   0.0
            +---------+---------+-------+---------+---------+-------
        D:1 |       3 |       0 |   0.0 |       1 |       0 |   0.0
        D:2 |      29 |       0 |   0.0 |      10 |       0 |   0.0
        D:3 |       4 |       0 |   0.0 |       2 |       0 |   0.0
            +---------+---------+-------+---------+---------+-------
